cohdb
Replays
Latest Replays
All Replays
Popular Replays
Top Player Replays
Match Explorer
How It Works
Community
CoH3 Stats
Reddit
Sign in to upload your games and track your stats! →
Sign in with Steam
Match 45622878
Unlisted
Match 45622878
Overview
Messages
Build Orders
End
Vickers Machine Gun Team
Construct Section Command Post
Infantry Section
Infantry Section
Infantry Section
Construct Platoon Command Post
Unlock M3 Stuart Light Tanks
M3 Stuart Light Tank
Grenade Package
6-pounder Anti-tank Gun Team
Construct Field Infirmary
Selects Indian Artillery Battlegroup
Selects Valour
Selects Gurkha Rifles Section
Gurkha Rifles Section
Vickers Machine Gun Team
Selects Volunteer Infantry
AI Takeover
[DOOD] Big Homie Pipe Down
Valdimor
~TAB~ THUND3RCHUNKY
Cooter McGavin
0
0
Comments
sign in to comment!
No comments posted yet!